 Dungeon Crawl Stone Soup version 0.20-a0-556-g892c87b (console) character file.

352 Voker57 the Slasher (level 6, 0/47 HPs)
             Began as a Demonspawn Gladiator on Feb 6, 2017.
             Was an Initiate of Gozag.
             Slain by a mummy (14 damage)
             ... in an ossuary.
             The game lasted 00:05:08 (4067 turns).

Voker57 the Slasher (Demonspawn Gladiator)          Turns: 4067, Time: 00:05:09

Health: 0/47       AC:  6    Str: 14    XL:     6   Next: 35%
Magic:  6/6        EV: 20    Int: 11    God:    Gozag
Gold:   318        SH:  0    Dex: 22    Spells: 5/5 levels left

rFire    + . .     SeeInvis .   a - +1 long sword
rCold    . . .     Gourm    .   q - +2 robe of Fallacy {rF+ Int+2}
rNeg     . . .     Faith    .   (no shield)
rPois    .         Spirit   .   c - +0 helmet
rElec    .         Reflect  .   (no cloak)
rCorr    .         Harm     .   (no gloves)
MR       .....                  f - +0 pair of boots
Stlth    +++.......             (no amulet)
Regen    0.2/turn               (no ring)
                                (no ring)

@: agile, gold aura
A: talons 2, powered by death 1
a: Potion Petition, Call Merchant, Bribe Branch, Renounce Religion


You were in an ossuary.
You worshipped Gozag.
Gozag was aware of your devotion.
You were not hungry.

You visited 1 branch of the dungeon, and saw 4 of its levels.
You also visited: Ossuary.

You collected 318 gold pieces.

Inventory:

Hand Weapons
 a - a +1 long sword (weapon)
Missiles
 d - 3 throwing nets (quivered)
Armour
 b - a +0 leather armour
 c - a +0 helmet (worn)
 f - a +0 pair of boots (worn)
 q - the +2 robe of Fallacy (worn) {rF+ Int+2}
   (You found it on level 4 of the Dungeon)

   It affects your intelligence (+2).
   It protects you from fire.
Jewellery
 e - a cursed -3 ring of intelligence
 l - a cursed amulet of inaccuracy {unknown}
 o - an uncursed ring of protection from fire {unknown}
Wands
 i - a wand of iceblast (4/15)
Scrolls
 g - a scroll of fog
 h - a scroll of enchant weapon
 j - a scroll of teleportation
 k - 4 scrolls of remove curse
 r - a scroll of blinking {unknown}
 s - a scroll of recharging {unknown}


   Skills:
 + Level 3.4 Fighting
 * Level 4.7 Long Blades
 - Level 1.7 Throwing
 - Level 2.4 Armour
 + Level 3.5 Dodging


You had 5 spell levels left.
You didn't know any spells.

Dungeon Overview and Level Annotations

Branches:
Dungeon (4/15)
 Temple: D:4-7

Altars:
Gozag
Nemelex Xobeh
Zin
The Shining One


Innate Abilities, Weirdness & Mutations

You have razor-sharp toenails.
You regenerate a little health from kills.


Message History

The mummy completely misses you. The kobold zombie closely misses you.
You riposte.
You completely miss the kobold zombie.
The kobold zombie is lightly damaged.
You feel better.
The hobgoblin zombie is distracted by the nearby gold.
The orc zombie is distracted by the nearby gold.
The mummy closely misses you.
You barely miss the mummy.
The mummy is lightly damaged.
The hobgoblin zombie is no longer distracted by gold.
The kobold zombie misses you. The mummy completely misses you.
The hobgoblin zombie completely misses you.
You hit the mummy.
The mummy is moderately damaged.
The hobgoblin zombie is no longer distracted by gold.
The kobold zombie hits you.
* * * LOW HITPOINT WARNING * * *
The mummy hits you!
You die...
Your body crumbles into a pile of gold.

..............
.............
.Z.........
........#
......# #.Z..#
#MMZ.# $
#.@Z.# $ $
#..Z.# $ $$
#....# $$ $
#....# $ $$
#....# $$ $
#....# $ $
#.∩∩.# $
######


You could see 2 mummies, 2 hobgoblin zombies, a kobold zombie and 2 orc zombies.

Vanquished Creatures
  A water moccasin (D:3)
  An ogre (D:3)
  3 mummies
  Robin (D:2)
  3 adders
  A worm (D:2)
  2 dart slugs (D:1)
  A leopard gecko (D:3)
  6 orcs (D:3)
  2 giant cockroaches
  17 goblins
  11 hobgoblins
  2 kobolds
  A quokka (D:3)
  2 ball pythons (D:2)
  7 bats
  4 frilled lizards
  2 hobgoblin zombies (Ossuary)
  An orc zombie (Ossuary)
  6 rats
74 creatures vanquished.

Notes
Turn   | Place    | Note
-------+----------+-------------------------------------------
     0 | D:1      | Voker57 the Demonspawn Gladiator began the quest for the Orb.
     0 | D:1      | Reached XP level 1. HP: 16/16 MP: 1/1
   259 | D:1      | Reached skill level 3 in Long Blades
   263 | D:1      | Gained mutation: You have sharp toenails. [demonic ancestry]
   263 | D:1      | Reached XP level 2. HP: 15/22 MP: 2/2
   898 | D:2      | Reached skill level 1 in Armour
   898 | D:2      | Reached XP level 3. HP: 11/28 MP: 3/3
  1043 | D:2      | Found a glowing silver altar of Zin.
  1101 | D:2      | Found a sparkling altar of Nemelex Xobeh.
  1108 | D:2      | Found a glowing golden altar of the Shining One.
  1514 | D:2      | Noticed Robin
  1712 | D:2      | Killed Robin
  1712 | D:2      | Gained mutation: You regenerate a little health from kills. [demonic ancestry]
  1712 | D:2      | Reached XP level 4. HP: 34/34 MP: 4/4
  2702 | D:3      | Noticed a water moccasin
  2711 | D:3      | Killed a water moccasin
  2711 | D:3      | Reached skill level 4 in Long Blades
  2711 | D:3      | Gained mutation: You have razor-sharp toenails. [demonic ancestry]
  2711 | D:3      | Reached XP level 5. HP: 28/41 MP: 5/5
  3037 | D:3      | Found a faded altar of an unknown god.
  3160 | D:3      | Became a worshipper of Gozag Ym Sagoz the Greedy
  3279 | D:3      | Noticed an ogre
  3297 | D:3      | Killed an ogre
  3297 | D:3      | Reached XP level 6. HP: 11/47 MP: 6/6
  3921 | D:4      | Got a shadowed robe
  3932 | D:4      | Identified the +2 robe of Fallacy {rF+ Int+2} (You found it on level 4 of the Dungeon)
  4023 | D:4      | Found a sand-covered staircase.
  4037 | Ossuary  | Entered an ossuary
  4067 | Ossuary  | Slain by a mummy

Vault maps used:
D:1:      minmay_arrival_widening_spiral_narrow
D:2:      amethyst_overflow_temple_binary, zin_scriptorium, uniq_robin
D:3:      chequers_ecumenical_altar_grove
D:4:      gup_ossuary_entry_pyramid, tso_altar
Ossuary:  ossuary_tomb_3

Skill      XL: |  1  2  3  4 |
---------------+-------------+-----
Long Blades    | 3 4 |  4.7
Armour         | 1 2 |  2.4
Dodging        | 3 |  3.5
Fighting       | 3 |  3.4
Throwing       | |  1.7

Action                   |  1- 3 |  4- 6 || total
-------------------------+-------+-------++-------
Melee: Long sword        |   109 |   115 ||   224
       Kick              |    30 |    34 ||    64
Throw: Throwing net      |     3 |     1 ||     4
Evoke: Wand              |       |     1 ||     1
  Use: Potion            |     1 |     5 ||     6
       Scroll            |     6 |     2 ||     8
 Stab: Held in net/web   |     1 |       ||     1
  Eat: Chunk             |     3 |     4 ||     7
       Bread ration      |       |     1 ||     1
Armor: Leather armour    |    40 |    15 ||    55
       Robe              |       |     9 ||     9
Dodge: Dodged            |    98 |   110 ||   208
       Rpst.: Long sword |    30 |    36 ||    66
